 Dungeon Crawl Stone Soup version 0.28.0-45-g0d030f2227 (webtiles) character file.

Game seed: 8635406803962984678

19 Mitsuki the Conjurer (level 2, 15/15 HPs)
             Began as a Deep Elf Conjurer on Apr 5, 2022.
             Was an Initiate of Ru.
             Quit the game on level 1 of the Dungeon.
             The game lasted 00:01:42 (931 turns).

Mitsuki the Conjurer (Deep Elf Conjurer)             Turns: 931, Time: 00:01:43

Health: 15/15      AC:  2    Str:  4    XL:     2   Next: 55%
Magic:  7/8        EV: 12    Int: 22    God:    Ru [......]
Gold:   13         SH:  0    Dex: 13    Spells: 6/7 levels left

rFire   . . .      SeeInvis .   d - +1 dagger (venom)
rCold   . . .      Faith    .   (no shield)
rNeg    . . .      Spirit   .   a - +0 robe
rPois   .          Reflect  .   (no helmet)
rElec   .          Harm     .   (no cloak)
rCorr   .          Rampage  .   (no gloves)
Will    .....                   (no boots)
Stlth   ++........              (no amulet)
HPRegen 0.05/turn               (no ring)
MPRegen 0.11/turn               (no ring)

@: no status effects
A: no striking features
a: Renounce Religion


You were on level 1 of the Dungeon.
You worshipped Ru.
Ru was noncommittal.
You visited 1 branch of the dungeon, and saw 1 of its levels.

You collected 13 gold pieces.

Inventory:

Hand Weapons
 d - a +1 dagger of venom (weapon)
Armour
 a - a +0 robe (worn)
Scrolls
 b - a scroll of summoning {unknown}
Potions
 c - a potion of curing {unknown}


   Skills:
 - Level 2.7 Dodging
 - Level 2.8 Stealth
 + Level 3.4 Spellcasting
 * Level 4.7 Conjurations


You had 6 spell levels left.
You knew the following spells:

 Your Spells              Type           Power      Damage    Failure   Level
a - Magic Dart            Conj           96%        1d7       1%          1

Your spell library contained the following spells:

 Spells                   Type           Power      Damage    Failure   Level
 Searing Ray              Conj           48%        2d6       2%          2
 Dazzling Flash           Conj/Hex       28%        N/A       14%         3
 Fulminant Prism          Conj/Hex       7%         3d7       41%         4
 Iskenderun's Mystic Bla  Conj/Tloc      14%        2d5       41%         4


Dungeon Overview and Level Annotations

Branches:
Dungeon (1/15)

Altars:
Ru

Shops:
D:1 *


Message History

Confirm with . or Enter, or press ? or * to list all spells.
The magic dart hits the endoplasm but does no damage.
The endoplasm is severely wounded.
The endoplasm freezes you.
You are frozen.
You take 4 damage, and have 11/15 hp.
MASSIVE DAMAGE!!
You now have 5/8 mp.
Casting: Magic Dart (safe; 1% risk of failure)
Confirm with . or Enter, or press ? or * to list all spells.
The magic dart hits the endoplasm.
The endoplasm is almost dead.
The endoplasm freezes you.
You are frozen.
You take 2 damage, and have 9/15 hp.
You now have 4/8 mp.
Casting: Magic Dart (safe; 1% risk of failure)
Confirm with . or Enter, or press ? or * to list all spells.
The magic dart hits the endoplasm.
You kill the endoplasm!
You now have 3/8 mp.
You start resting.
Magic restored.
HP restored.
Health restored: 15; MP restored: 8 A goblin comes into view.
It is wielding a +0 club.
The goblin shouts!
Casting: Magic Dart (safe; 1% risk of failure)
Confirm with . or Enter, or press ? or * to list all spells.
The magic dart hits the goblin.
You kill the goblin!
You now have 7/8 mp.
You can't see any susceptible monsters within range! (Use Z to cast anyway.)
You can't see any susceptible monsters within range! (Use Z to cast anyway.)
You enter the shallow water.
Moving in this stuff is going to be slow.
There is a faded altar of an unknown god here.
You cannot tell which god this altar belongs to.
Convert to them anyway?
Okay, then.
You cannot tell which god this altar belongs to.
Convert to them anyway?
Ru accepts your prayer! Ru welcomes you!
Are you sure you want to abandon this character and quit the game? (Confirm with "yes".)

.. .....#####.##
....#.....#.##
.#..≈.....≈..##
..#≈.≈...≈.≈#.#
#..≈.≈.≈.≈.)#
#...≈.≈.≈...#
#...≈≈.≈≈...#
#...≈≈@≈≈...#
.#..≈.≈≈≈.≈..#.
#.#≈≈≈≈.≈≈≈≈#.#
#.#..≈.≈..#.#
#..#.≈.≈.#.##
#.#.##.##.##
#.##.....##
#.####.################
#.....................#


There were no monsters in sight!

Vanquished Creatures
  3 endoplasms (D:1)
  A giant cockroach (D:1)
  2 goblins (D:1)
  A hobgoblin (D:1)
  2 kobolds (D:1)
  2 quokkas (D:1)
  2 ball pythons (D:1)
  2 bats (D:1)
  A frilled lizard (D:1)
  A rat (D:1)
17 creatures vanquished.

Notes
Turn   | Place    | Note
-------+----------+-------------------------------------------
     0 | D:1      | Mitsuki the Deep Elf Conjurer began the quest for the Orb.
     0 | D:1      | Reached XP level 1. HP: 10/10 MP: 6/6
   199 | D:1      | Found Buson's General Store.
   218 | D:1      | Reached XP level 2. HP: 9/15 MP: 1/8
   799 | D:1      | Found a faded altar of an unknown god.
   930 | D:1      | Prayed at the altar of an unknown god.
   930 | D:1      | Became a worshipper of Ru the Awakened
   931 | D:1      | Quit the game

Illustrated notes

Levels and vault maps discovered:
D:1:      dpeg_arrival_tiny_k, layout_basic, serial_shops, shop_statue,
          shapermc_ecumenical_altar_starsandcircs,
          chequers_serial_rivers_small_a

Action                   || total
-------------------------++-------
 Cast: Magic Dart        ||    30
